AoeStats
← Schantiiniiii

African Clearing

504303919Analyzed
3v3 RM · 26d ago on Sep 4, 2026· 43m 54s· 6 players
Game mode
Random Map
Map size
Normal (6 player)
Population
200
Speed
Normal
Resources
Standard
Victory
Conquest
Starting age
Dark Age
Ending age
Imperial Age
RankedLock teamsTeams togetherTeam positionsShared explorationLock speedFull tech treeHidden civsTurbo modeCheats
Victory
Defeat
🇩🇪 Bulgarians · Germany
1693
+6
🇨🇭 Maya · Switzerland
1644
+8
🇫🇷 Dravidians · France
1553
+11
🇩🇪 Burmese · Germany
1492
-10
🇨🇷 Goths · Costa Rica
1430
-8
🇩🇪 Byzantines · Germany
1410
-7
banzigerrastard
3:17 Loom
12:50 Feudal Age
16:22 Castle Age
18:35 Wheelbarrow
19:13 Horse Collar
25:08 Hand Cart
24:40 Town Watch
25:32 Gold Mining
26:43 Stone Mining
27:34 Gold Shaft Mining
27:25 Scale Barding Armor
27:58 Heavy Plow
29:05 Chain Barding Armor
32:55 Imperial Age
30:40 Forging
30:50 Bloodlines
30:41 Husbandry
32:17 Iron Casting
32:26 Fletching
34:00 Coinage
33:43 Elite Battle Elephant
35:04 Plate Barding Armor
34:59 Howdah
36:02 Banking
39:30 Bodkin Arrow
42:13 Blast Furnace
41:18 Murder Holes
42:42 Bracer
P1nGp0nG
6:54 Loom
14:04 Feudal Age
15:37 Double-Bit Axe
17:38 Gold Mining
19:55 Fletching
20:05 Padded Archer Armor
25:34 Castle Age
25:57 Crossbowman
28:51 Bow Saw
35:55 Elite Skirmisher
37:22 Leather Archer Armor
37:32 Thumb Ring
38:42 Wheelbarrow
42:06 Ballistics
42:24 Hand Cart
Delirios de Autoridad
3:00 Loom
11:20 Feudal Age
11:40 Man-at-Arms
14:38 Double-Bit Axe
19:32 Fletching
20:32 Padded Archer Armor
32:12 Castle Age
30:27 Scale Mail Armor
31:12 Stone Mining
31:44 Gold Mining
34:50 Forging
38:04 Squires
39:52 Chain Mail Armor
40:33 Iron Casting
41:23 Wheelbarrow
43:08 Town Watch
Schantiiniiii
4:30 Loom
12:22 Feudal Age
16:01 Castle Age
14:40 Double-Bit Axe
16:29 Fletching
17:08 Bodkin Arrow
28:22 Ballistics
31:45 Town Watch
40:27 Bow Saw
42:13 Wheelbarrow
42:17 Gold Mining
43:08 Horse Collar
twitch.tv/gliedi69
6:38 Loom
12:15 Feudal Age
15:40 Fletching
19:39 Padded Archer Armor
25:18 Castle Age
26:11 Wheelbarrow
25:56 Bodkin Arrow
25:39 Elite Skirmisher
26:29 Double-Bit Axe
29:19 Leather Archer Armor
30:23 Ballistics
{ BP } Käpt`n Iglo
10:51 Loom
10:58 Loom
13:53 Feudal Age
17:39 Castle Age
15:49 Double-Bit Axe
18:51 Bow Saw
22:11 Fishing Lines
22:47 Horse Collar
23:51 Heavy Plow
25:44 Wheelbarrow
24:55 Town Watch
27:28 Gold Mining
30:58 Imperial Age
29:19 Stone Mining
29:47 Stirrups
30:04 Scale Barding Armor
31:14 Chain Barding Armor
31:33 Forging
31:30 Elite Konnik
32:33 Bloodlines
32:48 Husbandry
33:24 Plate Barding Armor
33:51 Iron Casting
34:17 Stone Shaft Mining
34:21 Fletching
35:34 Blast Furnace
36:05 Gold Shaft Mining
36:14 Hand Cart
36:07 Fletching
36:55 Conscription
36:57 Scale Mail Armor
37:00 Squires
37:52 Crop Rotation
38:51 Bodkin Arrow
39:57 Chemistry
39:23 Arson
39:54 Chain Mail Armor
40:47 Plate Mail Armor
40:53 Ballistics
40:43 Masonry
40:30 Capped Ram
41:59 Bracer
41:47 Siege Ram
Connection lost

Rejoining the realm…

Still unreachable

The connection could not be restored.

Session expired

The server has moved on; the page needs a fresh start.